 Dungeon Crawl Stone Soup version 0.31-a0-202-g547052bce9 (webtiles) character file.

Game seed: 8176997083872768258

71 qw the Shooter (level 4, -2/25 HPs)
             Began as a Deep Elf Hunter on June 25, 2023.
             Slain by Grinder (3 damage)
             ... on level 3 of the Dungeon.
             The game lasted 00:00:38 (1466 turns).

qw the Shooter (Deep Elf Hunter)                    Turns: 1466, Time: 00:00:39

Health: -2/25      AC:  7    Str: 10    XL:     4   Next: 5%
Magic:  6/6        EV:  9    Int: 14    God:
Gold:   155        SH:  0    Dex: 18    Spells: 3/3 levels left

rFire   . . .        Y - +0 shortbow
rCold   . . .        (shield currently unavailable)
rNeg    . . .        e - +0 scale mail
rPois   +            (no helmet)
rElec   .            a - +0 cloak
rCorr   .            (no gloves)
SInv    .            (no boots)
Will    .....        (no amulet)
Stlth   +            k - ring of poison resistance
HPRegen 0.24/turn    (no ring)
MPRegen 0.10/turn

%: no passive effects
@: no status effects
A: no striking features
a: no special abilities


You were on level 3 of the Dungeon.
You visited 1 branch of the dungeon, and saw 3 of its levels.

You collected 155 gold pieces.


   Skills:
 - Level 1.5 Fighting
 + Level 7.5 Ranged Weapons
 - Level 2.4 Dodging
 - Level 1.2 Stealth


You had 3 spell levels left.
You didn't know any spells.
Your spell library was empty.

Inventory:

Hand Weapons
 Y - a +0 shortbow (weapon)
Armour
 a - a +0 cloak (worn)
 b - a +0 pair of boots
 e - a +0 scale mail (worn)
 i - a +1 pair of gloves
Jewellery
 k - a ring of poison resistance (left hand)
Scrolls
 f - 2 scrolls of identify
 l - a scroll of revelation {unknown}
Potions
 c - a potion of cancellation
 d - a potion of enlightenment {unknown}
 g - a potion of degeneration {unknown}
 h - a potion of attraction {unknown}
 j - a potion of curing {unknown}

Dungeon Overview and Level Annotations

Branches:
Dungeon (3/15)

Altars:

Annotations:
D:3 Grinder


Message History

Enter note:
Enter note:
Enter note:
Enter note:
Enter note:
Enter note:
Enter note:
Enter note:
Enter note: You shoot an arrow.
The arrow barely misses Grinder.
Grinder gestures at you.
You suddenly lose the ability to move!
Grinder hits you!
You writhe in agony.
You can move again.
You shoot an arrow. The arrow hits Grinder.
Grinder is lightly wounded.
Grinder barely misses you.
You shoot an arrow. The arrow hits Grinder.
Grinder is lightly wounded.
Grinder hits you.
You shoot an arrow. The arrow hits Grinder.
Grinder is lightly wounded.
Grinder barely misses you. Grinder hits you but does no damage.
You shoot an arrow. The arrow hits Grinder.
Grinder is moderately wounded.
Grinder gestures at you.
You suddenly lose the ability to move!
Grinder blinks! x2
You can move again.
You shoot an arrow. The arrow hits Grinder.
Grinder is heavily wounded.
Grinder says, "Wait up."
You shoot an arrow. The arrow hits Grinder.
Grinder is heavily wounded.
Grinder hits you! Grinder closely misses you.
You shoot an arrow.
The arrow hits Grinder but does no damage.
Grinder is heavily wounded.
Grinder hits you.
You die...

.#......#.# #.#
##......#.# #.#
#......+.## #.#
##......#..# #.# #
........#..###.####.#
........'.......[...#
........####.....##
.#+###.....###..5##
.#.........# #..@.#
.####......# #.##...#
.# #......+ #.# .#.#
.# #......# #.# .# #
.# #......# #.# ..
.####......# #.# #.
.....).....# #.# #.
.####......# .. .
.#####.....#


You could see Grinder.

Vanquished Creatures
  An adder (D:3)
  2 worms (D:2)
  A dart slug (D:1)
  An endoplasm (D:2)
  A giant cockroach (D:2)
  5 goblins
  6 hobgoblins
  5 jackals
  A quokka (D:2)
  7 ball pythons
  6 bats (D:1)
  4 frilled lizards
  6 kobolds
  5 rats
51 creatures vanquished.

Notes
Turn   | Place    | Note
-------+----------+-------------------------------------------
     0 | D:1      | qw the Deep Elf Hunter began the quest for the Orb.
     0 | D:1      | Reached XP level 1. HP: 12/12 MP: 3/3
     0 | D:1      | 0 ||| qw: Version: 0.3-a-22-g0ed2b0b
     0 | D:1      | 0 ||| qw: Game counter: 5707
     0 | D:1      | 0 ||| qw: Melee chars always use a shield: true
     0 | D:1      | 0 ||| qw: God list: Okawaru
     0 | D:1      | 0 ||| qw: Allow faded altars: false
     0 | D:1      | 0 ||| qw: Do Orc after clearing Dungeon:15 true
     0 | D:1      | 0 ||| qw: Do second Lair branch before Depths: true
     0 | D:1      | 0 ||| qw: Lair rune preference: random
     0 | D:1      | 0 ||| qw: Goals: Normal
     0 | D:1      | 0 ||| PLANNING D:1-11
   123 | D:1      | Reached skill level 6 in Ranged Weapons
   123 | D:1      | Reached XP level 2. HP: 16/16 MP: 4/4
   642 | D:1      | 642 ||| UPGRADING to +0 scale mail.
   652 | D:1      | 652 ||| DROPPING +0 leather armour.
   653 | D:1      | 653 ||| UPGRADING to ring of poison resistance.
   654 | D:1      | 654 ||| READING scroll labelled AKLAAFASHI.
   655 | D:1      | 655 ||| READING scroll labelled MOKLYA CUDIED.
   658 | D:1      | 658 ||| READING scroll labelled YZIJEI LUISIA.
   659 | D:1      | 659 ||| DROPPING scroll of butterflies.
   684 | D:2      | 684 ||| STAIRDANCE
   686 | D:2      | 686 ||| STAIRDANCE
   724 | D:2      | Reached XP level 3. HP: 20/20 MP: 5/5
   854 | D:2      | Reached skill level 7 in Ranged Weapons
  1087 | D:2      | 1087 ||| UPGRADING to +0 cloak.
  1092 | D:2      | 1092 ||| READING scroll labelled PEDUEDOCLE.
  1093 | D:2      | 1093 ||| DRINKING 2 smoky white potions.
  1302 | D:3      | Reached XP level 4. HP: 25/25 MP: 6/6
  1454 | D:3      | Noticed Grinder
  1455 | D:3      | Paralysed by Grinder for 3 turns
  1461 | D:3      | Paralysed by Grinder for 3 turns
  1465 | D:3      | HP: 1/25 [Grinder (9)]
  1466 | D:3      | Slain by Grinder

Levels and vault maps discovered:
D:1:      lemuel_arrival_river_ford, layout_basic
D:2:      layout_rooms, serial_bayou_pond_d
D:3:      layout_basic, uniq_grinder

Skill      XL: |  1  2  3 |
---------------+----------+-----
Ranged Weapons | 6 7 |  7.5
Fighting       | |  1.5
Dodging        | |  2.4
Stealth        | |  1.2

Action                     |  1- 3 |  4- 6 || total
---------------------------+-------+-------++-------
   Fire: Shortbow          |   128 |    12 ||   140
    Use: Scroll            |     4 |       ||     4
         Potion            |     1 |       ||     1
 Armour: Leather armour    |     8 |       ||     8
         Scale mail        |    32 |     2 ||    34
  Dodge: Dodged            |    38 |     3 ||    41

Table legend:
 A = Non-vault XP
 B = Vault XP
 C = Vault XP percentage of total XP
 D = Non-vault monster count
 E = Vault monster count
 F = Vault count percentage of total count
                 A         B        C        D         E       F
            +---------+---------+-------+---------+---------+-------
      Total |     102 |       0 |   0.0 |      51 |       0 |   0.0
            +---------+---------+-------+---------+---------+-------
        D:1 |      37 |       0 |   0.0 |      22 |       0 |   0.0
        D:2 |      34 |       0 |   0.0 |      16 |       0 |   0.0
        D:3 |      31 |       0 |   0.0 |      13 |       0 |   0.0
            +---------+---------+-------+---------+---------+-------
